Map: Odyssey LE

Players

Klein - Winner!

  • Race: Protoss Protoss
  • League: Master
  • Spawn Location: 11:00

SenSei

  • Race: Zerg Zerg
  • League: Master
  • Spawn Location: 5:00

VOD

Have the link to the VOD?

Description

Time

  • Played on: May 27, 2017, 6:07 a.m.
  • Length: 10:19
Show
View Real Time Build Order
Export as new Build Order

Klein Protoss - Winner!

Build Orders: 1 Gate Expand 

Get SALT Encoding   

  12  0:01  Probe (Chrono Boost)  
  13  0:11  Probe (Chrono Boost)  
  14  0:18  Pylon  
  14  0:24  Probe (Chrono Boost)  
  15  0:36  Probe (Chrono Boost)  
  15  0:42  Gateway  
  16  0:46  Assimilator  
  16  0:48  Probe (Chrono Boost)  
  17  0:59  Probe (Chrono Boost)  
  18  1:09  Probe (Chrono Boost)  
  19  1:20  Probe (Chrono Boost)  
  20  1:27  Nexus  
  20  1:37  Cybernetics Core  
  20  1:41  Probe (Chrono Boost)  
  20  1:46  Assimilator  
  21  1:51  Probe (Chrono Boost)  
  22  1:55  Pylon  
  22  2:02  Probe (Chrono Boost)  
  23  2:13  Adept  
  23  2:14  Mothership Core (Chrono Boost)  
  27  2:15  Warp Gate  
  27  2:25  Gateway  
  27  2:33  Probe (Chrono Boost)  
  28  2:41  Adept  
  28  2:43  Twilight Council  
  30  2:47  Probe (Chrono Boost)  
  30  2:49  Probe (Chrono Boost)  
  32  2:58  Probe (Chrono Boost)  
  33  3:00  Probe (Chrono Boost)  
  34  3:08  Probe (Chrono Boost)  
  34  3:11  Adept  
  34  3:12  Adept  
  39  3:13  Probe (Chrono Boost)  
  39  3:18  Pylon  
  39  3:19  Probe (Chrono Boost)  
  41  3:21  Resonating Glaives  
  41  3:23  Probe (Chrono Boost)  
  42  3:30  Probe (Chrono Boost)  
  44  3:34  Probe (Chrono Boost)  
  42  3:59  Probe (Chrono Boost)  
  42  4:00  Adept x2  
  45  4:04  Robotics Facility, Gateway  
  45  4:05  Probe (Chrono Boost)  
  45  4:09  Gateway  
  46  4:11  Assimilator, Probe (Chrono Boost)  
  47  4:24  Nexus  
  47  4:27  Pylon  
  47  4:40  Adept x2  
  47  4:43  Pylon  
  51  4:54  Immortal  
  51  4:59  Pylon  
  55  5:02  Probe (Chrono Boost), Pylon  
  55  5:04  Probe (Chrono Boost)  
  57  5:10  Adept x2  
  57  5:12  Sentry  
  57  5:13  Probe (Chrono Boost)  
  64  5:16  Probe (Chrono Boost)  
  57  5:23  Probe (Chrono Boost)  
  48  5:54  Probe (Chrono Boost)  
  48  5:55  Probe (Chrono Boost)  
  49  5:57  Adept x3, Probe (Chrono Boost)  
  49  5:58  Adept  
  49  6:00  Immortal  
  61  6:04  Probe (Chrono Boost)  
  61  6:08  Probe (Chrono Boost), Pylon  
  61  6:10  Probe (Chrono Boost)  
  58  6:23  Adept x3  
  58  6:24  Adept  
  64  6:26  Probe (Chrono Boost)  
  64  6:30  Gateway  
  64  6:31  Gateway  
  65  6:34  Probe (Chrono Boost)  
  65  6:36  Probe (Chrono Boost)  
  65  6:37  Probe (Chrono Boost)  
  68  6:45  Probe (Chrono Boost)  
  69  6:47  Adept x4  
  69  6:50  Probe (Chrono Boost)  
  79  6:55  Probe x2 (Chrono Boost)  
  79  6:58  Warp Prism  
  82  7:06  Probe (Chrono Boost)  
  82  7:07  Adept x2, Probe (Chrono Boost)  
  86  7:09  Sentry  
  86  7:10  Sentry  
  86  7:14  Probe (Chrono Boost)  
  91  7:16  Probe (Chrono Boost)  
  91  7:20  Probe (Chrono Boost)  
  93  7:24  Probe (Chrono Boost)  
  76  7:59  Stalker x2, Probe (Chrono Boost)  
  76  8:00  Stalker x2, Immortal  
  81  8:10  Probe (Chrono Boost)  
  81  8:11  Probe (Chrono Boost)  
  83  8:13  Probe (Chrono Boost)  
  83  8:15  Assimilator  
  83  8:17  Assimilator  
  83  8:19  Stalker x2  
  87  8:21  Probe (Chrono Boost)  
  87  8:24  Adept x4  
  87  8:26  Probe (Chrono Boost)  
  98  8:28  Probe (Chrono Boost)  
  98  8:32  Probe (Chrono Boost)  
  99  8:37  Probe (Chrono Boost)  
  99  8:40  Probe (Chrono Boost)  
  101  8:43  Stalker x2  
  101  8:56  Zealot x4  
  66  9:48  Probe (Chrono Boost)  
  65  9:54  Pylon x2  
  65  9:57  Pylon  
  65  9:59  Zealot x2  
  69  10:06  Pylon  
Show
View Real Time Build Order
Export as new Build Order

SenSei Zerg 

Build Orders: Hatch First 

Get SALT Encoding   

  12  0:01  Drone  
  13  0:12  Overlord  
  13  0:17  Drone  
  14  0:30  Drone x2  
  14  0:34  Drone  
  17  0:52  Hatchery  
  17  0:54  Drone  
  17  0:59  Drone  
  18  1:07  Extractor  
  17  1:13  Spawning Pool  
  17  1:15  Drone  
  17  1:18  Drone  
  18  1:27  Drone  
  19  1:39  Overlord  
  19  1:49  Drone  
  20  2:01  Queen  
  20  2:02  Zergling x2  
  20  2:04  Queen  
  20  2:07  Drone  
  26  2:08  Metabolic Boost  
  26  2:14  Drone  
  27  2:16  Drone  
  28  2:24  Zergling x2  
  28  2:25  Drone  
  30  2:33  Overlord  
  30  2:45  Pneumatized Carapace  
  30  2:46  Hatchery  
  30  2:48  Drone  
  30  2:51  Drone  
  31  2:53  Drone  
  32  2:59  Drone x2  
  32  3:04  Overlord  
  34  3:09  Drone  
  34  3:10  Drone  
  36  3:16  Baneling Nest  
  35  3:21  Evolution Chamber, Drone  
  35  3:22  Drone  
  35  3:23  Drone  
  35  3:25  Drone  
  38  3:28  Drone  
  39  3:35  Zergling x2  
  39  3:46  Zerg Melee Weapons Level 1  
  36  3:50  Drone  
  36  3:51  Drone x3  
  39  3:59  Drone x4  
  42  4:03  Spore Crawler  
  42  4:06  Spore Crawler  
  40  4:12  Drone  
  41  4:20  Spore Crawler  
  41  4:22  Drone  
  41  4:24  Drone x3  
  41  4:26  Drone x3  
  41  4:29  Extractor  
  46  4:33  Overlord  
  46  4:38  Baneling x4  
  46  4:42  Drone x4  
  50  4:48  Roach Warren  
  50  4:51  Queen  
  51  4:57  Drone x4  
  54  5:07  Zergling x6  
  57  5:19  Zergling x2  
  57  5:20  Zergling x4  
  56  5:25  Zergling x10  
  56  5:37  Zergling x2  
  56  5:38  Zergling x2  
  56  5:49  Drone x3  
  58  5:50  Drone  
  58  5:55  Overlord x3  
  57  6:02  Lair  
  57  6:03  Zerg Missile Weapons Level 1  
  57  6:09  Drone  
  54  6:23  Zergling x20  
  60  6:27  Baneling x2  
  60  6:32  Zergling x4  
  62  6:35  Drone x2  
  62  6:36  Drone  
  62  6:38  Extractor  
  61  7:00  Drone x9  
  69  7:06  Roach x3  
  69  7:07  Roach x6  
  82  7:09  Baneling x3  
  82  7:10  Baneling  
  82  7:15  Overlord x3  
  82  7:17  Glial Reconstitution  
  69  7:33  Roach  
  69  7:34  Roach x2  
  65  7:46  Roach x4  
  65  7:47  Roach  
  69  7:57  Zergling x2, Roach x2  
  69  7:58  Zergling x12  
  74  8:16  Roach x4  
  82  8:32  Roach x3  
  88  8:40  Roach x2  
  72  9:08  Roach x4  
  14  9:51  Zergling x2  
  14  9:52  Zergling x4  
  17  9:54  Zergling x2  
Tags
 
Add a new tag
Caveats
  • Supply blocks, unpowered buildings, or Contaminate may cause inaccurate times.
  • Supply counts are checked every 10 seconds.